| TOP OF THE 1ST |
|
Helena Brewers batting - Pitching for Grand Junction Rockies : LHP Juan Rivera
|
|
Pitching: LHP Juan Rivera
|
|
|
Batting: RHB Mohammed bin Ubaida
|
0-0: Swinging Strike 0-1: Ball 1-1: Ball 2-1: Swinging Strike 2-2: Foul Ball, location: 2F 2-2: Strikes out looking
|
|
Batting: RHB Frank Pena
|
0-0: Ball 1-0: Ball 2-0: Called Strike 2-1: Ground out 5-3 (Groundball, 56, EV 99.4 MPH)
|
|
Batting: RHB Curtis Montgomery
|
0-0: Ball 1-0: Ball 2-0: Ball 3-0: Called Strike 3-1: Base on Balls
|
|
Batting: RHB Manny Olave
|
0-0: Ball Wild Pitch! Curtis Montgomery to second 1-0: Ball 2-0: Ball 3-0: Base on Balls
|
|
Batting: LHB Alex Chairez
|
0-0: Swinging Strike 0-1: Ball 1-1: Ball 2-1: Ball 3-1: Called Strike 3-2: Foul Ball, location: 2F 3-2: Base on Balls Curtis Montgomery to third Manny Olave to second
|
|
Batting: RHB Daniel Pena
|
0-0: Called Strike 0-1: Ball 1-1: Foul Ball, location: 2F 1-2: Strikes out swinging
|
| Top of the 1st over - 0 runs, 0 hits, 0 errors, 3 left on base; Helena 0 - Grand Junction 0 |
| BOTTOM OF THE 1ST |
|
Grand Junction Rockies batting - Pitching for Helena Brewers : LHP Hiroshi Matsuda
|
|
Pitching: LHP Hiroshi Matsuda
|
|
|
Batting: SHB Justin Jackson
|
0-0: Ball 1-0: Ball 2-0: Called Strike 2-1: Ball 3-1: Ground out 6-3 (Groundball, 6, EV 83.8 MPH)
|
|
Batting: RHB Edwin Bejarano
|
0-0: Foul Ball, location: 2F 0-1: Ground out 1-3 (Groundball, 34S, EV 65.6 MPH)
|
|
Batting: RHB Ryan Ward
|
0-0: Ball 1-0: Ball 2-0: Ball 3-0: Base on Balls
|
|
Batting: RHB Dan Hoffman
|
0-0: Foul Ball, location: 2F 0-1: Ball 1-1: Called Strike 1-2: Ball 2-2: Foul Ball, location: 2F 2-2: Fly out, F6 (Popup, P, EV 81.2 MPH)
|
| Bottom of the 1st over - 0 runs, 0 hits, 0 errors, 1 left on base; Helena 0 - Grand Junction 0 |
| TOP OF THE 2ND |
|
Helena Brewers batting - Pitching for Grand Junction Rockies : LHP Juan Rivera
|
|
Batting: LHB Jose Simental
|
0-0: Ball 1-0: Swinging Strike 1-1: Swinging Strike 1-2: Ball 2-2: Strikes out swinging
|
|
Batting: RHB Justin Marino
|
0-0: Ball 1-0: Ball 2-0: Foul Ball, location: 2F 2-1: Ball 3-1: Fly out, F7 (Flyball, 78M, EV 80.6 MPH)
|
|
Batting: RHB Gil Sanchez
|
0-0: Called Strike 0-1: Fly out, F9 (Flyball, 89M, EV 89.4 MPH)
|
| Top of the 2nd over - 0 runs, 0 hits, 0 errors, 0 left on base; Helena 0 - Grand Junction 0 |
| BOTTOM OF THE 2ND |
|
Grand Junction Rockies batting - Pitching for Helena Brewers : LHP Hiroshi Matsuda
|
|
Batting: LHB Tom Bemis
|
0-0: Called Strike 0-1: Ball 1-1: Foul Ball, location: 2F 1-2: Ball 2-2: SOLO HOME RUN (Flyball, 89XD, EV 111.9 MPH), Distance : 443 ft
|
|
Batting: LHB Georges Lambert
|
0-0: Ball 1-0: Ball 2-0: Ball 3-0: Called Strike 3-1: Foul Ball, location: 2F 3-2: Foul Ball, location: 2F 3-2: Foul Ball, location: 2F 3-2: Base on Balls
|
|
Batting: SHB J.D. Newman
|
0-0: Called Strike 0-1: Ball 1-1: Ball 2-1: DOUBLE (Groundball, 5L, EV 100.0 MPH) Georges Lambert to third
|
|
Batting: RHB Xavier Williams
|
0-0: Ball 1-0: Ball 2-0: Ball 3-0: Called Strike 3-1: Base on Balls
|
|
Batting: RHB Tom Gentry
|
0-0: SINGLE (Groundball, 56D, EV 94.4 MPH) Georges Lambert scores J.D. Newman to third Xavier Williams to second
|
|
Batting: SHB Justin Jackson
|
0-0: Ball 1-0: Ball 2-0: Ball 3-0: Base on Balls J.D. Newman scores Xavier Williams to third Tom Gentry to second
|
|
Batting: RHB Edwin Bejarano
|
0-0: GRAND SLAM HOME RUN (Flyball, 7D, EV 97.5 MPH), Distance : 390 ft
|
|
Pitching: RHP Ryan Powers
|
|
|
Batting: RHB Ryan Ward
|
0-0: Ball 1-0: Foul Ball, location: 2F 1-1: Fly out, F9 (Flyball, 89D, EV 88.1 MPH)
|
|
Batting: RHB Dan Hoffman
|
0-0: Swinging Strike 0-1: Ball 1-1: Ground out 6-3 (Groundball, 6, EV 103.1 MPH)
|
|
Batting: LHB Tom Bemis
|
0-0: Foul Ball, location: 2F 0-1: Ball 1-1: Ball 2-1: Ball 3-1: Base on Balls
|
|
Batting: LHB Georges Lambert
|
0-0: Called Strike 0-1: SINGLE (Flyball, 34D, EV 90.6 MPH) Tom Bemis to second Runner from 2nd tries for 3rd, SAFE, throw by RF made to third
|
|
Batting: SHB J.D. Newman
|
0-0: Fly out, F8 (Flyball, 8RM, EV 84.4 MPH)
|
| Bottom of the 2nd over - 7 runs, 5 hits, 0 errors, 2 left on base; Helena 0 - Grand Junction 7 |
| TOP OF THE 3RD |
|
Helena Brewers batting - Pitching for Grand Junction Rockies : LHP Juan Rivera
|
|
Batting: RHB Mohammed bin Ubaida
|
0-0: Called Strike 0-1: Ball 1-1: Swinging Strike 1-2: Ball 2-2: Foul Ball, location: 2F 2-2: Foul Ball, location: 2F 2-2: Foul Ball, location: 2F 2-2: Foul Ball, location: 2F 2-2: SOLO HOME RUN (Flyball, 78XD, EV 101.2 MPH), Distance : 426 ft
|
|
Batting: RHB Frank Pena
|
0-0: Ball 1-0: Fly out, F3 (Popup, 34, EV 70.6 MPH)
|
|
Batting: RHB Curtis Montgomery
|
0-0: Swinging Strike 0-1: Ball 1-1: Ball 2-1: Ball 3-1: Foul Ball, location: 2F 3-2: Foul Ball, location: 2F 3-2: Base on Balls
|
|
Batting: RHB Manny Olave
|
0-0: Ball Passed Ball! Curtis Montgomery to second 1-0: Foul Ball, location: 2F 1-1: Ball 2-1: Swinging Strike 2-2: Strikes out swinging
|
|
Batting: LHB Alex Chairez
|
0-0: SINGLE (Groundball, 13S, EV 70.6 MPH) (infield hit) Curtis Montgomery to third
|
|
Batting: RHB Daniel Pena
|
0-0: Ball 1-0: Called Strike 1-1: Swinging Strike 1-2: Strikes out swinging
|
| Top of the 3rd over - 1 run, 2 hits, 0 errors, 2 left on base; Helena 1 - Grand Junction 7 |
| BOTTOM OF THE 3RD |
|
Grand Junction Rockies batting - Pitching for Helena Brewers : RHP Ryan Powers
|
|
Batting: RHB Xavier Williams
|
0-0: Ball 1-0: Foul Ball, location: 2F 1-1: Ball 2-1: Foul Ball, location: 2F 2-2: Strikes out swinging
|
|
Batting: RHB Tom Gentry
|
0-0: SINGLE (Groundball, 6MS, EV 70.0 MPH) (infield hit)
|
|
Batting: SHB Justin Jackson
|
0-0: Ball 1-0: Foul Ball, location: 2F 1-1: Called Strike 1-2: Ball 2-2: Ball 3-2: Base on Balls Tom Gentry to second
|
|
Batting: RHB Edwin Bejarano
|
0-0: Ball 1-0: Ball Wild Pitch! Tom Gentry to third Justin Jackson to second 2-0: Ball 3-0: Called Strike 3-1: Base on Balls
|
|
Batting: RHB Ryan Ward
|
0-0: Called Strike 0-1: Called Strike 0-2: Grounds into double play, 3-6-3 (Groundball, 34, EV 104.4 MPH)
|
| Bottom of the 3rd over - 0 runs, 1 hit, 0 errors, 2 left on base; Helena 1 - Grand Junction 7 |
| TOP OF THE 4TH |
|
Helena Brewers batting - Pitching for Grand Junction Rockies : LHP Juan Rivera
|
|
Batting: LHB Jose Simental
|
0-0: Called Strike 0-1: Fly out, F8 (Line Drive, 8RS, EV 92.5 MPH)
|
|
Batting: RHB Justin Marino
|
0-0: Called Strike 0-1: Swinging Strike 0-2: Foul Ball, location: 2F 0-2: Foul Ball, location: 2F 0-2: Foul Ball, location: 2F 0-2: Ball 1-2: Ball 2-2: Ground out 3-1 (Groundball, 34, EV 103.8 MPH)
|
|
Batting: RHB Gil Sanchez
|
0-0: Called Strike 0-1: Called Strike 0-2: Strikes out swinging
|
| Top of the 4th over - 0 runs, 0 hits, 0 errors, 0 left on base; Helena 1 - Grand Junction 7 |
| BOTTOM OF THE 4TH |
|
Grand Junction Rockies batting - Pitching for Helena Brewers : RHP Ryan Powers
|
|
Batting: RHB Dan Hoffman
|
0-0: Ball 1-0: Ball 2-0: Called Strike 2-1: SINGLE (Line Drive, 6D, EV 98.8 MPH)
|
|
Batting: LHB Tom Bemis
|
0-0: Ball 1-0: Foul Ball, location: 2F 1-1: Ball 2-1: Foul Ball, location: 2F 2-2: Strikes out swinging
|
|
Batting: LHB Georges Lambert
|
0-0: Swinging Strike 0-1: Called Strike 0-2: SINGLE (Flyball, 7LS, EV 81.2 MPH) Dan Hoffman to second
|
|
Batting: SHB J.D. Newman
|
0-0: Foul Ball, location: 2F 0-1: Ball 1-1: Foul Ball, location: 2F 1-2: Ball 2-2: Ball 3-2: Base on Balls Dan Hoffman to third Georges Lambert to second
|
|
Batting: RHB Xavier Williams
|
0-0: Called Strike 0-1: Grounds into double play, 5-4-3 (Groundball, 5S, EV 80.0 MPH)
|
| Bottom of the 4th over - 0 runs, 2 hits, 0 errors, 2 left on base; Helena 1 - Grand Junction 7 |
| TOP OF THE 5TH |
|
Helena Brewers batting - Pitching for Grand Junction Rockies : LHP Juan Rivera
|
|
Batting: RHB Mohammed bin Ubaida
|
0-0: Ball 1-0: Called Strike 1-1: Ball 2-1: Ball 3-1: Foul Ball, location: 2F 3-2: DOUBLE (Groundball, 5L, EV 95.6 MPH)
|
|
Batting: RHB Frank Pena
|
0-0: Called Strike 0-1: Ball 1-1: Ground out 2-3 (Groundball, 13S, EV 71.2 MPH) Mohammed bin Ubaida to third
|
|
Batting: RHB Curtis Montgomery
|
0-0: Called Strike 0-1: Ball 1-1: Foul Ball, location: 2F 1-2: Foul Ball, location: 2F 1-2: Ball 2-2: Ball 3-2: SINGLE (Groundball, 34D, EV 100.0 MPH) Mohammed bin Ubaida scores
|
|
Batting: RHB Manny Olave
|
0-0: Ball 1-0: SINGLE (Groundball, 4MD, EV 95.6 MPH) Curtis Montgomery to second
|
|
Batting: LHB Alex Chairez
|
0-0: Swinging Strike 0-1: Swinging Strike 0-2: Ball 1-2: Strikes out swinging
|
|
Batting: RHB Daniel Pena
|
0-0: SINGLE (Line Drive, 4D, EV 96.9 MPH) Curtis Montgomery to third Manny Olave to second
|
|
Batting: LHB Jose Simental
|
0-0: Ball 1-0: Ball 2-0: Foul Ball, location: 2F 2-1: SINGLE (Line Drive, 8RS, EV 106.9 MPH) Curtis Montgomery scores Manny Olave to third Daniel Pena to second
|
|
Batting: RHB Justin Marino
|
0-0: Ball 1-0: Ball 2-0: Ball 3-0: Base on Balls Manny Olave scores Daniel Pena to third Jose Simental to second
|
|
Pitching: RHP Diego Arredondo
|
|
|
Pinch Hitting: LHB Jesus Huante
|
0-0: Ball 1-0: SINGLE (Groundball, 4D, EV 93.8 MPH) Daniel Pena scores Jose Simental to third Justin Marino to second Runner from 3rd tries for Home, throw by RF and OUT! 9-2
|
| Top of the 5th over - 4 runs, 6 hits, 0 errors, 2 left on base; Helena 5 - Grand Junction 7 |
| BOTTOM OF THE 5TH |
|
Grand Junction Rockies batting - Pitching for Helena Brewers : RHP Ryan Powers
|
|
Now in RF: Jesus Huante
|
|
|
Batting: RHB Tom Gentry
|
0-0: Called Strike 0-1: Foul Ball, location: 2F 0-2: Strikes out swinging
|
|
Batting: SHB Justin Jackson
|
0-0: Ball 1-0: Ball 2-0: Called Strike 2-1: Called Strike 2-2: Foul Ball, location: 2F 2-2: Ball 3-2: Ground out 6-3 (Groundball, 6, EV 111.9 MPH)
|
|
Batting: RHB Edwin Bejarano
|
0-0: Called Strike 0-1: Called Strike 0-2: Ball 1-2: Foul Ball, location: 2F 1-2: Ground out 4-3 (Groundball, 4, EV 95.0 MPH)
|
| Bottom of the 5th over - 0 runs, 0 hits, 0 errors, 0 left on base; Helena 5 - Grand Junction 7 |
| TOP OF THE 6TH |
|
Helena Brewers batting - Pitching for Grand Junction Rockies : RHP Diego Arredondo
|
|
Batting: RHB Mohammed bin Ubaida
|
0-0: Ball 1-0: Fly out, F8 (Flyball, 89D, EV 103.1 MPH)
|
|
Batting: RHB Frank Pena
|
0-0: Ball 1-0: Foul Ball, location: 2F 1-1: Foul Ball, location: 2F 1-2: Ball 2-2: Ball 3-2: Base on Balls
|
|
Batting: RHB Curtis Montgomery
|
0-0: Swinging Strike 0-1: Foul Ball, location: 2F 0-2: Foul Ball, location: 2F 0-2: Strikes out swinging
|
|
Batting: RHB Manny Olave
|
0-0: Called Strike 0-1: Swinging Strike 0-2: Foul Ball, location: 2F 0-2: Ball 1-2: Ground out 6-3 (Groundball, 6MD, EV 104.4 MPH)
|
| Top of the 6th over - 0 runs, 0 hits, 0 errors, 1 left on base; Helena 5 - Grand Junction 7 |
| BOTTOM OF THE 6TH |
|
Grand Junction Rockies batting - Pitching for Helena Brewers : RHP Ryan Powers
|
|
Pitching: RHP Butch Powers
|
|
|
Batting: RHB Ryan Ward
|
0-0: Ball 1-0: Ball 2-0: SINGLE (Groundball, 56D, EV 111.9 MPH)
|
|
Batting: RHB Dan Hoffman
|
0-0: Ball 1-0: SINGLE (Flyball, 5D, EV 95.6 MPH) Ryan Ward to second
|
|
Batting: LHB Tom Bemis
|
0-0: Ball 1-0: Fly out, F8 (Flyball, 8RD, EV 95.0 MPH)
|
|
Batting: LHB Georges Lambert
|
0-0: Foul Ball, location: 2F 0-1: Ball 1-1: Called Strike 1-2: Foul Ball, location: 2F 1-2: Ball 2-2: Grounds into double play, 4-6-3 (Groundball, 4, EV 86.9 MPH)
|
| Bottom of the 6th over - 0 runs, 2 hits, 0 errors, 1 left on base; Helena 5 - Grand Junction 7 |
| TOP OF THE 7TH |
|
Helena Brewers batting - Pitching for Grand Junction Rockies : RHP Diego Arredondo
|
|
Pitching: RHP Ricardo Roman
|
|
|
Batting: LHB Alex Chairez
|
0-0: Ball 1-0: Ball 2-0: Ball 3-0: Called Strike 3-1: Foul Ball, location: 2F 3-2: Base on Balls
|
|
Batting: RHB Daniel Pena
|
0-0: Ball 1-0: Foul Ball, location: 2F 1-1: Called Strike 1-2: Strikes out swinging
|
|
Batting: LHB Jose Simental
|
0-0: Ball 1-0: Ball 2-0: Swinging Strike 2-1: Ball 3-1: Base on Balls Alex Chairez to second
|
|
Pinch Hitting: LHB Andy Buschlen
|
0-0: Called Strike 0-1: Ball 1-1: Foul Ball, location: 2F 1-2: Ball 2-2: Ball 3-2: DOUBLE (Line Drive, 78M, EV 110.0 MPH) Alex Chairez scores Jose Simental to third
|
|
Pitching: RHP Alex Covarrubias
|
|
|
Batting: LHB Jesus Huante
|
0-0: Ball 1-0: 3-RUN HOME RUN (Flyball, 9LD, EV 95.6 MPH), Distance : 354 ft
|
|
Batting: RHB Mohammed bin Ubaida
|
0-0: Ball 1-0: Called Strike 1-1: Called Strike 1-2: Foul Ball, location: 2F 1-2: Ball 2-2: Ball 3-2: Base on Balls
|
|
Batting: RHB Frank Pena
|
0-0: DOUBLE (Line Drive, 89M, EV 108.8 MPH) Mohammed bin Ubaida to third Runner from 3rd tries for Home, throw by RF and OUT! 9-4-2 Frank Pena to third
|
|
Batting: RHB Curtis Montgomery
|
0-0: Ball 1-0: Ball 2-0: Called Strike 2-1: Foul Ball, location: 2F 2-2: Ball 3-2: Ground out 4-3 (Groundball, 4, EV 103.1 MPH)
|
| Top of the 7th over - 4 runs, 3 hits, 0 errors, 1 left on base; Helena 9 - Grand Junction 7 |
| BOTTOM OF THE 7TH |
|
Grand Junction Rockies batting - Pitching for Helena Brewers : RHP Butch Powers
|
|
Now at 2B: Jesus Menjivar
|
|
|
Now at 3B: Mohammed bin Ubaida
|
|
|
Batting: SHB J.D. Newman
|
0-0: Called Strike 0-1: Foul Ball, location: 2F 0-2: Ball 1-2: DOUBLE (Line Drive, 5D, EV 96.2 MPH)
|
|
Batting: RHB Xavier Williams
|
0-0: Ball 1-0: Swinging Strike 1-1: SINGLE (Groundball, 34D, EV 108.1 MPH) J.D. Newman to third
|
|
Pinch Hitting: SHB Joan Coucieiro
|
0-0: Ball 1-0: Ball 2-0: Ball Wild Pitch! J.D. Newman scores Xavier Williams to second 3-0: Called Strike 3-1: Foul Ball, location: 2F 3-2: Strikes out looking
|
|
Batting: SHB Justin Jackson
|
0-0: Ball 1-0: Ball 2-0: Foul Ball, location: 2F 2-1: Foul Ball, location: 2F 2-2: Fly out, F9 (Flyball, 9, EV 91.9 MPH)
|
|
Batting: RHB Edwin Bejarano
|
0-0: Ball 1-0: Ball 2-0: Fly out, F7 (Flyball, 7, EV 86.9 MPH)
|
| Bottom of the 7th over - 1 run, 2 hits, 0 errors, 1 left on base; Helena 9 - Grand Junction 8 |
| TOP OF THE 8TH |
|
Helena Brewers batting - Pitching for Grand Junction Rockies : RHP Alex Covarrubias
|
|
Now in CF: Oscar Barahona
|
|
|
Batting: RHB Manny Olave
|
0-0: Ball 1-0: Swinging Strike 1-1: Ball 2-1: Ball 3-1: Foul Ball, location: 2F 3-2: SINGLE (Groundball, 56D, EV 106.9 MPH)
|
|
Pitching: RHP Aaron O'Brien
|
|
|
Batting: LHB Alex Chairez
|
0-0: Ball 1-0: Swinging Strike 1-1: Fly out, F6 (Line Drive, 6, EV 68.8 MPH)
|
|
Batting: RHB Daniel Pena
|
0-0: Ball Manny Olave steals 2nd, throwing error, E2 Manny Olave to third 1-0: Ball 2-0: Foul Ball, location: 2F 2-1: Ball 3-1: 2-RUN HOME RUN (Flyball, 7D, EV 105.0 MPH), Distance : 391 ft
|
|
Batting: LHB Jose Simental
|
0-0: Called Strike 0-1: Foul Ball, location: 2F 0-2: Ball 1-2: Ground out U3 (Groundball, 34, EV 111.2 MPH)
|
|
Batting: RHB Jesus Menjivar
|
0-0: Ball 1-0: DOUBLE (Groundball, 5L, EV 111.2 MPH)
|
|
Batting: LHB Jesus Huante
|
0-0: Called Strike 0-1: Foul Ball, location: 2F 0-2: Ball 1-2: Foul Ball, location: 2F 1-2: Ball 2-2: Ball 3-2: Base on Balls
|
|
Pitching: RHP Jim Crooks
|
|
|
Batting: RHB Mohammed bin Ubaida
|
0-0: Called Strike 0-1: Foul Ball, location: 2F 0-2: Foul Ball, location: 2F 0-2: Ball 1-2: Ball 2-2: Ball 3-2: Ground out 4-3 (Groundball, 4S, EV 70.6 MPH)
|
| Top of the 8th over - 2 runs, 3 hits, 1 error, 2 left on base; Helena 11 - Grand Junction 8 |
| BOTTOM OF THE 8TH |
|
Grand Junction Rockies batting - Pitching for Helena Brewers : RHP Butch Powers
|
|
Now at 1B: Jose Simental
|
|
|
Now at 2B: Troy Morin
|
|
|
Now at 3B: Fernando Mejia
|
|
|
Now at SS: Mohammed bin Ubaida
|
|
|
Now in LF: Manny Olave
|
|
|
Now in CF: Jesus Menjivar
|
|
|
Batting: RHB Ryan Ward
|
0-0: Ball 1-0: Ball 2-0: Ground out 5-3 (Groundball, 56, EV 108.1 MPH)
|
|
Batting: RHB Dan Hoffman
|
0-0: Ball 1-0: Foul Ball, location: 2F 1-1: Ball 2-1: Swinging Strike 2-2: Ball 3-2: Foul Ball, location: 2F 3-2: Base on Balls
|
|
Pitching: RHP Adam Robinson
|
|
|
Batting: LHB Tom Bemis
|
0-0: Ball 1-0: Called Strike 1-1: Swinging Strike 1-2: Ball 2-2: Ball 3-2: DOUBLE (Flyball, 89D, EV 105.0 MPH) Dan Hoffman to third
|
|
Batting: LHB Georges Lambert
|
0-0: Called Strike 0-1: Ground out 5-3 (Groundball, 56, EV 104.4 MPH) Dan Hoffman scores
|
|
Batting: SHB J.D. Newman
|
0-0: Ball 1-0: Called Strike 1-1: Foul Ball, location: 2F 1-2: Ball 2-2: Ground out 6-3 (Groundball, 6, EV 80.0 MPH)
|
| Bottom of the 8th over - 1 run, 1 hit, 0 errors, 1 left on base; Helena 11 - Grand Junction 9 |
| TOP OF THE 9TH |
|
Helena Brewers batting - Pitching for Grand Junction Rockies : RHP Jim Crooks
|
|
Batting: RHB Frank Pena
|
0-0: Ball 1-0: Foul Ball, location: 2F 1-1: DOUBLE (Flyball, 89XD, EV 98.1 MPH)
|
|
Batting: RHB Curtis Montgomery
|
0-0: Foul Ball, location: 2F 0-1: Reaches on Catchers interference
|
|
Batting: RHB Manny Olave
|
0-0: Ball 1-0: Ball 2-0: Swinging Strike 2-1: Called Strike 2-2: Foul Ball, location: 2F 2-2: 3-RUN HOME RUN (Flyball, 89XD, EV 112.5 MPH), Distance : 424 ft
|
|
Batting: RHB Troy Morin
|
0-0: Called Strike 0-1: Ball 1-1: Ball 2-1: Ball 3-1: Foul Ball, location: 2F 3-2: Base on Balls
|
|
Batting: RHB Fernando Mejia
|
0-0: Called Strike Troy Morin steals 2nd base 0-1: Foul Ball, location: 2F 0-2: Ball 1-2: Strikes out swinging
|
|
Batting: LHB Jose Simental
|
0-0: Called Strike 0-1: Called Strike 0-2: Strikes out swinging
|
|
Batting: RHB Jesus Menjivar
|
0-0: Ground out 4-3 (Groundball, 4, EV 85.0 MPH)
|
| Top of the 9th over - 3 runs, 2 hits, 1 error, 1 left on base; Helena 14 - Grand Junction 9 |
| BOTTOM OF THE 9TH |
|
Grand Junction Rockies batting - Pitching for Helena Brewers : RHP Adam Robinson
|
|
Batting: RHB Xavier Williams
|
0-0: Foul Ball, location: 2F 0-1: Foul Ball, location: 2F 0-2: Foul Ball, location: 2F 0-2: Strikes out looking
|
|
Batting: SHB Oscar Barahona
|
0-0: Swinging Strike 0-1: Ball 1-1: Swinging Strike 1-2: Strikes out swinging
|
|
Batting: SHB Justin Jackson
|
0-0: Ball 1-0: Ball 2-0: Ball 3-0: Called Strike 3-1: Base on Balls
|
|
Batting: RHB Edwin Bejarano
|
0-0: Fly out, F8 (Flyball, 8RD, EV 90.6 MPH)
|
| Bottom of the 9th over - 0 runs, 0 hits, 0 errors, 1 left on base; Helena 14 - Grand Junction 9 |
|